 Dungeon Crawl Stone Soup version 0.32-a0-607-g64ea0e4 (webtiles) character file.

Game seed: 12617502443157332687

865500 LoveShapeshifting the Shapeless Troll (level 27, -12/484 HPs)
             Began as a Troll Shapeshifter on Mar 3, 2024.
             Was a High Priest of Wu Jian.
             Mangled by an Executioner (15 damage)
             ... in Pandemonium.
             The game lasted 02:28:53 (75819 turns).

LoveShapeshifting the Shapeless Troll (TrSh)       Turns: 75819, Time: 02:28:53

Health: -12/484    AC: 18    Str: 52    XL:     27
Magic:  17/19      EV: 12    Int: 20    God:    Wu Jian [*****.]
Gold:   4976       SH:  0    Dex:  7    Spells: 1/26 levels left

rFire   + +          .
                       - Unarmed
rCold   + + .        (shield currently unavailable)
rNeg    . . .        (body armour currently unavailable)
rPois   +            (helmet currently unavailable)
rElec   .            (cloak currently unavailable)
rCorr   +            (gloves unavailable)
SInv    .            (boots unavailable)
Will    ++...        z - amulet "Tuin" {Acrobat Rampage rC+ Slay+2}
Stlth   ++           Q - ring "Documasy" {rPois rC++ Str-2 Int+6 Stlth+}
HPRegen 1.80/turn    V - ring of resist corrosion
MPRegen 0.16/turn

%: acrobat, clarity, rampage
@: dragon-form, in a heavenly storm, on blink cooldown, flying, glowing
A: dragon claw, dragon scales, breathe fire, flying, boosted hp, giant,
unfitting armour, (claws 3), regeneration 1, (shaggy fur 1), (tough skin 1),
(antennae 1), (fangs 1), clarity, clever 2, (fire resistance 1), low MP 1
}: 9/15 runes: decaying, serpentine, slimy, silver, abyssal, demonic, glowing,
magical, fiery
a: Breathe Fire, Begin Untransformation, Renounce Religion, Wall Jump, Serpent's
Lash, Heavenly Storm


You were in Pandemonium.
You worshipped Wu Jian.
Wu Jian was extremely pleased with you.
You were a fearsome dragon!
You visited 11 branches of the dungeon, and saw 53 of its levels.
You visited Pandemonium 2 times, and saw 20 of its levels.
You visited the Abyss 3 times.
You visited 1 bazaar.
You also visited: Trove, Gauntlet, Ice Cave and Desolation.

You collected 11259 gold pieces.
You spent 6283 gold pieces at shops.

Inventory:

Hand Weapons
 a - the +6 sword of Cerebov {flame}
   (You found it in Pandemonium)
Missiles
 n - 7 javelins
 q - 82 large rocks
 s - 11 silver javelins
Jewellery
 h - the ring of Yfiekip {rN+ Will+ Int+4}
   (You took it off a gnoll sergeant on level 8 of the Dungeon)

   [ring of positive energy]

   Int+4:     It affects your intelligence (+4).
   rN+:       It protects you from negative energy.
   Will+:     It increases your willpower.
 r - the ring of Zoqaholl {rElec EV+5 Str-5 SInv Stlth+}
   (You found it in a treasure trove)

   [ring of evasion]

   EV+5:      It affects your evasion (+5).
   Str-5:     It affects your strength (-5).
   rElec:     It insulates you from electricity.
   SInv:      It lets you see invisible.
   Stlth+:    It makes you more stealthy.
 z - the amulet "Tuin" (around neck) {Acrobat Rampage rC+ Slay+2}
   (You found it in a treasure trove)

   [amulet of the acrobat]

   Acrobat:   It increases your evasion while moving and waiting.
   Slay+2:    It affects your accuracy & damage with ranged weapons and melee
   (+2).
   rC+:       It protects you from cold.
   Rampage:   It bestows one free step when moving towards enemies.
 A - the ring "Cyuga Wore" {rC+ rN+ Int+5}
   (You found it in the Desolation of Salt)

   [ring of protection from cold]

   Int+5:     It affects your intelligence (+5).
   rC+:       It protects you from cold.
   rN+:       It protects you from negative energy.
 I - the amulet "Ilikk" {Faith rN+ Str+5}
   (You found it in Pandemonium)

   [amulet of faith]

   Faith:     It allows you to gain divine favour quickly.
   Str+5:     It affects your strength (+5).
   rN+:       It protects you from negative energy.
 Q - the ring "Documasy" (left foreclaw) {rPois rC++ Str-2 Int+6 Stlth+}
   (You found it on level 5 of the Vaults)

   [ring of intelligence]

   Str-2:     It affects your strength (-2).
   Int+6:     It affects your intelligence (+6).
   rC++:      It greatly protects you from cold.
   rPois:     It protects you from poison.
   Stlth+:    It makes you more stealthy.
 V - a ring of resist corrosion (right foreclaw)
Talismans
 d - the dragon-blood talisman of Past Mistakes (active) {Str+6}
   (You found it on level 5 of the Vaults)

   [dragon-blood talisman]

   Str+6:     It affects your strength (+6).
 C - a storm talisman
 M - a talisman of death
Wands
 f - a wand of acid (40)
 i - a wand of digging (25)
 T - a wand of warping (82)
Scrolls
 e - 10 scrolls of poison
 k - 20 scrolls of teleportation
 l - 10 scrolls of fear
 p - 7 scrolls of silence
 v - 2 scrolls of blinking
 w - 17 scrolls of enchant armour
 x - 10 scrolls of immolation
 y - 15 scrolls of enchant weapon
 G - 10 scrolls of revelation
 H - 2 scrolls of amnesia
 K - 7 scrolls of fog
 N - 7 scrolls of brand weapon
 S - 3 scrolls of summoning
Potions
 b - 13 potions of lignification
 c - 7 potions of haste
 g - 9 potions of mutation
 j - 8 potions of brilliance
 m - 28 potions of curing
 t - 3 potions of berserk rage
 u - 12 potions of heal wounds
 B - 5 potions of might
 D - 16 potions of attraction
 E - 2 potions of magic
 O - 19 potions of enlightenment
 P - 6 potions of invisibility
 R - 5 potions of resistance
 X - 8 potions of ambrosia


   Skills:
 O Level 27 Fighting
 - Level 1.5 Dodging
 - Level 10.0 Stealth
 O Level 27 Unarmed Combat
 + Level 11.2 Hexes
 - Level 15.0 Translocations
 O Level 27 Shapeshifting


You had one spell level left.
You knew the following spells:

 Your Spells              Type           Power      Damage    Failure   Level
a - Discord               Hex            22%        N/A       100%        8
b - Silence               Hex/Air        11%        N/A       47%         5
e - Passage of Golubria   Tloc           56%        N/A       1%          4
q - Blink                 Tloc           100%       N/A       1%          2
w - Lesser Beckoning      Tloc           100%       N/A       1%          2
z - Manifold Assault      Tloc           56%        N/A       1%          4

Your spell library contained the following spells:

 Spells                   Type           Power      Damage    Failure   Level
 Slow                     Hex            100%       N/A       1%          1
 Freeze                   Ice            0%         1d3       19%         1
 Kiss of Death            Conj/Necr      0%         2d5       19%         1
 Magic Dart               Conj           0%         1d3       19%         1
 Necrotise                Necr           0%         1d4       19%         1
 Sting                    Conj/Alch      0%         1d3       19%         1
 Summon Small Mammal      Summ           0%         N/A       19%         1
 Jinxbite                 Hex            90%        N/A       1%          2
 Momentum Strike          Conj/Tloc      60%        3d9       1%          2
 Confusing Touch          Hex            45%        N/A       1%          3
 Gell's Gravitas          Tloc           56%        N/A       1%          3
 Sigil of Binding         Hex            45%        N/A       1%          3
 Teleport Other           Tloc           56%        N/A       1%          3
 Cause Fear               Hex            22%        N/A       1%          4
 Dimensional Bullseye     Hex/Tloc       25%        N/A       1%          4
 Ensorcelled Hibernation  Hex/Ice        44%        N/A       3%          2
 Inner Flame              Hex/Fire       22%        N/A       6%          3
 Dispersal                Tloc           28%        N/A       6%          6
 Vhi's Electric Charge    Tloc/Air       60%        N/A       9%          4
 Anguish                  Hex/Necr       11%        N/A       19%         4
 Summon Forest            Summ/Tloc      15%        N/A       24%         5
 Call Imp                 Summ           0%         N/A       28%         2
 Cigotuvi's Dreadful Rot  Necr/Alch/Air  0%         N/A       28%         2
 Mercury Vapours          Alch/Air       0%         N/A       28%         2
 Searing Ray              Conj           0%         2d4       28%         2
 Static Discharge         Conj/Air       0%         3-3/arc   28%         2
 Sublimation of Blood     Necr           0%         N/A       28%         2
 Metabolic Englaciation   Hex/Ice        11%        N/A       47%         5
 Summon Mana Viper        Hex/Summ       22%        N/A       47%         5
 Yara's Violent Unravell  Hex/Alch       11%        3d6       47%         5
 Call Canine Familiar     Summ           0%         N/A       50%         3
 Fugue of the Fallen      Necr           0%         N/A       50%         3
 Hailstorm                Conj/Ice       0%         3d5       50%         3
 Mephitic Cloud           Conj/Alch/Air  0%         N/A       50%         3
 Ozocubu's Armour         Ice            0%         N/A       50%         3
 Passwall                 Erth           0%         N/A       50%         3
 Stone Arrow              Conj/Erth      0%         3d7       50%         3
 Summon Ice Beast         Ice/Summ       0%         N/A       50%         3
 Swiftness                Air            0%         N/A       50%         3
 Vampiric Draining        Necr           0%         2d6       50%         3
 Enfeeble                 Hex            22%        N/A       85%         7
 Airstrike                Air            0%         2d(0-16)  88%         4
 Animate Armour           Summ/Erth      0%         N/A       88%         4
 Animate Dead             Necr           0%         N/A       88%         4
 Brom's Barrelling Bould  Conj/Erth      0%         2d3       88%         4
 Dispel Undead            Necr           0%         3d6       88%         4
 Flame Wave               Conj/Fire      0%         2d4       88%         4
 Fulminant Prism          Conj/Alch      0%         3d5       88%         4
 Ignite Poison            Fire/Alch      0%         N/A       88%         4
 Olgreb's Toxic Radiance  Alch           0%         N/A       88%         4
 Petrify                  Alch/Erth      0%         N/A       88%         4
 Sticky Flame             Fire/Alch      0%         2d4       88%         4
 Summon Blazeheart Golem  Fire/Summ      0%         N/A       88%         4
 Summon Lightning Spire   Summ/Air       0%         N/A       88%         4
 Disjunction              Tloc           28%        N/A       95%         8
 Alistair's Intoxication  Alch           0%         N/A       99%         5
 Arcjolt                  Conj/Air       0%         1d10      99%         5
 Borgnjor's Vile Clutch   Necr/Erth      0%         N/A       99%         5
 Curse of Agony           Necr           0%         N/A       99%         5
 Fireball                 Conj/Fire      0%         3d3       99%         5
 Freezing Cloud           Conj/Ice/Air   0%         6-21      99%         5
 Irradiate                Conj/Alch      0%         3d11      99%         5
 Iskenderun's Battlesphe  Conj           0%         2d6       99%         5
 Lee's Rapid Deconstruct  Erth           0%         3d4*      99%         5
 Conjure Ball Lightning   Conj/Air       0%         3x3d6     100%        6
 Death Channel            Necr           0%         N/A       100%        6
 Eringya's Noxious Bog    Alch           0%         4d6       100%        6
 Plasma Beam              Fire/Air       0%         2x1d10    100%        6
 Sculpt Simulacrum        Ice/Alch       0%         N/A       100%        6
 Summon Cactus Giant      Summ           0%         N/A       100%        6
 Haunt                    Necr/Summ      0%         N/A       100%        7
 Orb of Destruction       Conj           0%         9d5       100%        7
 Ozocubu's Refrigeration  Ice            0%         4d7       100%        7
 Spellforged Servitor     Conj/Summ      0%         N/A       100%        7
 Summon Hydra             Summ           0%         N/A       100%        7
 Borgnjor's Revivificati  Necr           0%         N/A       100%        8
 Ignition                 Fire           0%         3d3       100%        8
 Infestation              Necr           0%         N/A       100%        8
 Lehudib's Crystal Spear  Conj/Erth      0%         10d2      100%        8
 Maxwell's Capacitive Co  Air            0%         ∞         100%        8
 Chain Lightning          Conj/Air       0%         N/A       100%        9
 Death's Door             Necr           0%         N/A       100%        9
 Dragon's Call            Summ           0%         N/A       100%        9
 Fire Storm               Conj/Fire      0%         5d1       100%        9
 Polar Vortex             Ice            0%         N/A       100%        9
 Shatter                  Erth           0%         3d5*      100%        9


Dungeon Overview and Level Annotations

Branches:
Dungeon (15/15) Zot: 23307  Temple (1/1) D:6 Zot: 5952    Lair (5/5) D:11 Zot: 23848
  Swamp (4/4) Lair:2 Zot: 21381   Snake (4/4) Lair:2 Zot: 18288   Slime (5/5) Lair:4 Zot: 24280
    Orc (2/2) D:12 Zot: 9702     Elf (3/3) Orc:2 Zot: 14010  Vaults (5/5) D:14 Zot: 22746
  Crypt (0/3) Vaults:2     Depths (4/4) D:15 Zot: 17430     Zot (5/5) Depths:4 Zot: 23184
  IceCv (visited)         Desolation (visited)      Gauntlet (visited)

Altars:
Ashenzari
Cheibriados
Dithmenos
Elyvilon
Fedhas
Gozag
Hepliaklqana
Kikubaaqudgha
Makhleb
Nemelex Xobeh
Okawaru
Qazlal
Ru
Sif Muna
Trog
Uskayaw
Vehumet
Wu Jian
Xom
Yredelemnul
Zin
The Shining One
Beogh
Jiyva
Lugonu

Shops:
D:6 [   D:9 :   D:12 (   Orc:2 :=*?   Elf:2 ?   Snake:3 [   Vaults:4 (=
Vaults:5 ?   Depths:1 [   Depths:2 [   Depths:3 ![*=

Portals:
Hell: Depths:1 Depths:2 Depths:3 Depths:4
Abyss: Lair:5 Depths:3 Depths:4
Pandemonium: Depths:1 Depths:2 Depths:3
Ziggurat: Depths:3

Annotations:
Pan Gloorx Vloq


Innate Abilities, Weirdness & Mutations

You are a fearsome dragon!
You have a powerful clawing attack.
Your giant scaled body is strong and resilient, but less evasive.
You can breathe fire.
You are flying.
Your maximum health is greatly increased.
Your armour is entirely melded.
You are incapable of wielding weapons or throwing items.
You are too large for most types of armour.
((You have claws for hands.))
Your natural rate of healing is unusually fast.
((You are covered in fur. (AC +1)))
((You have tough skin. (AC +1)))
((You have a pair of small antennae on your head.))
((You have very sharp teeth.))
You possess an exceptional clarity of mind.
Your mind is very acute. (Int +8, Str/Dex -2)
((Your flesh is heat resistant. (rF+)))
Your magical capacity is low. (-10% MP)


Message History

* * * LOW HITPOINT WARNING * * *
The Executioner hits you but does no damage.
The reaper hits you from afar with a +2 scythe of protection!!
* * * LOW HITPOINT WARNING * * *
You take 21 HP, and have [29/484] HP; You lose 2MP, and have [17/19] MP Blink to where?
Press: ? - help, Dir - move target A hellephant skeleton and a large abomination come into view.
As you read the scroll of blinking, it crumbles to dust.
The Executioner completely misses you.
The Executioner hits you but does no damage. x2
The Executioner hits you!!
* * * LOW HITPOINT WARNING * * *
The Executioner barely misses you. The Executioner closely misses you.
The large abomination moves out of view.
You take 17 HP, and have [12/484] HP
Okay, then.
You feel much better.
The Executioner hits you but does no damage.
The Executioner closely misses you.
The Executioner hits you but does no damage. x3
The Executioner hits you!
* * * LOW HITPOINT WARNING * * *
The Executioner hits you!
* * * LOW HITPOINT WARNING * * *
The Executioner hits you but does no damage. x2
The Executioner hits you.
* * * LOW HITPOINT WARNING * * *
The Executioner completely misses you.
The Executioner hits you but does no damage.
The hellephant skeleton tramples you.
* * * LOW HITPOINT WARNING * * *
You hold your ground!
The hellephant skeleton bites you!
* * * LOW HITPOINT WARNING * * *
The hellephant skeleton gores you but does no damage.
The Executioner hits you but does no damage.
The Executioner closely misses you. The Executioner completely misses you.
A reaper comes into view. It is wielding a +4 scythe of venom.
The Executioner hits you!
You die...

####'##
....... .##
####.X.####..#
#.Z...)..Z##.#
..###.###.z#.'
##.....##)#.#
#...§§§§#§#☼#
#...2Z§§#Z#○#
# #D○#○11#
#11#°1☼#
##z211☼#
###☼§§# #...#
.&..# #...#
#...# #.#.#


You could see 2 reapers, 2 Executioners, a curse skull and a hellephant
skeleton.

Vanquished Creatures
  the Royal Jelly (Slime:5)
  Mnoleg (Pan)
  Lom Lobon (Pan)
  The ghost of Obamn the Hoplite, a legendary FoAl of Gozag (Zot:1)
  7 pandemonium lords (Pan)
  6 ancient liches
  3 orbs of fire (Zot:5)
  Mara (Depths:1)
  Vv (Zot:2)
  Boris (twice) (Depths:2 Depths:3)
  10 Killer Klowns
  Vashnia (Snake:2)
  2 curse toes
  6 caustic shrikes
  8 golden dragons
  A profane servitor (Pan)
  3 Brimstone Fiends (Pan)
  2 bone dragons
  A hellephant (Abyss:3)
  3 electric golems
  4 Hell Sentinels (Pan)
  Jorgrun (D:12)
  14 tentacled monstrosities
  3 Ice Fiends (Pan)
  3 liches
  A walking earthen tome (Depths:2)
  25 Orb Guardians (Zot:5)
  5 walking frostbound tomes
  4 deep elf blademasters (Elf:3)
  8 quicksilver dragons
  6 titans
  Asterion (Depths:2)
  A deep elf master archer (Elf:3)
  7 sphinxes
  4 tentacled starspawn
  Frances (Snake:1)
  21 acid blobs
  An ancient champion (Vaults:2)
  6 death cobs
  3 tengu reavers
  Roxanne (Swamp:2)
  13 storm dragons
  A thorn hunter (Swamp:3)
  9 Executioners (Pan)
  Aizul (Snake:2)
  10 shadow dragons
  Gastronok (D:8)
  3 draconian monks
  3 fenstrider witches (Pan)
  A revenant (Abyss:3)
  6 demonspawn warmongers (Pan)
  11 nagarajas
  12 rockslimes
  6 azure jellies
  10 fire giants
  7 deep elf sorcerers
  5 draconian shifters
  5 protean progenitors (Pan)
  3 iron dragons
  5 deep elf elementalists (Elf:3)
  2 draconian knights
  14 vault wardens
  A caustic shrike zombie (Depths:1)
  26 balrugs
  4 ghost moths
  3 imperial myrmidons (Desolation)
  A juggernaut zombie (Depths:1)
  6 draconian stormcallers
  6 frost giants
  2 spriggan defenders (Depths:3)
  A curse skull (Pan)
  7 formless jellyfish
  2 draconian annihilators
  5 orc warlords
  16 quicksilver oozes
  3 ghouls (Swamp:1)
  20 ironbound preservers
  10 reapers (Pan)
  18 very ugly things
  10 demonspawn corrupters (Pan)
  11 ironbound thunderhulks
  14 stone giants
  22 cacodemons
  9 demonspawn blood saints (Pan)
  2 juggernaut skeletons
  2 caustic shrike skeletons
  Nessos (D:13)
  7 lorocyprocas
  5 deep elf demonologists
  7 yellow draconians
  14 deep elf death magi
  5 vampire knights
  14 demonspawn black suns (Pan)
  4 bunyips
  5 green draconians
  6 eleionomae
  A minotaur (Gauntlet)
  3 halazid warlocks (Desolation)
  12 black draconians
  3 deep elf annihilators (Elf:3)
  8 purple draconians
  14 red draconians
  2 dire elephants
  A war gargoyle (Vaults:5)
  8 white draconians
  Azrael (Snake:1)
  A spark wasp (Depths:2)
  Snorg (D:13)
  21 blizzard demons (Pan)
  21 ettins
  10 fire dragons
  7 ragged hierophants (Desolation)
  7 deep elf high priests
  10 green deaths (Pan)
  11 yaktaur captains
  An entropy weaver (shapeshifter) (D:14)
  A shambling mangrove (Swamp:4)
  An entropy weaver (Vaults:4)
  6 servants of whispers (Desolation)
  40 vault guards
  26 hydras
  11 ice dragons
  8 ironbound frosthearts
  Harold (D:9)
  3 rakshasas
  2 salamander tyrants
  3 radroaches (Depths:1)
  3 ghost crabs
  10 great orbs of eyes
  5 peacekeepers
  Erica (D:9)
  Fannar (D:12)
  An anaconda (shapeshifter) (Vaults:5)
  11 alligators
  2 jorogumos (Pan)
  3 hell beasts
  3 spriggan air magi
  9 boulder beetles
  12 centaur warriors
  7 ogre magi
  28 two-headed ogres
  2 catoblepae
  A sphinx skeleton (Vaults:2)
  23 dancing weapons
  13 anacondas
  4 merfolk aquamancers (Pan)
  10 death yaks
  3 tengu warriors
  13 naga sharpshooters
  8 deep troll earth magi
  7 deep troll shamans
  A death scarab (Depths:4)
  A hell hog (Depths:2)
  An orc high priest (Depths:3)
  6 occultists (Depths:3)
  5 thrashing horrors
  5 vampire magi
  6 demonic crawlers (Pan)
  15 naga warriors
  4 shock serpents
  5 spriggan berserkers
  3 wretched stars (Abyss:3)
  71 sun demons
  17 deep elf knights
  28 soul eaters
  4 hell knights (Depths:1)
  20 sixfirhies
  2 salamander mystics
  A skyshark (Lair:4)
  4 shadow wraiths
  The ghost of CumLord the Chopper, a novice FoFi of Beogh (D:8)
  2 death drakes (Depths:1)
  8 skeletal warriors
  A shining eye (shapeshifter) (Vaults:5)
  13 iron trolls
  7 goliath frogs
  2 sea snakes (Depths:1)
  30 mana vipers
  An orb spider (Abyss:3)
  8 glowing orange brains
  3 flayed ghosts
  An orb spider (shapeshifter) (D:15)
  5 spriggan druids
  13 arcanists
  19 deep elf archers
  69 deep trolls
  9 sun moths (Pan)
  11 swamp dragons
  12 naga ritualists
  2 mana vipers (shapeshifter) (Vaults:5)
  7 bog bodies (Swamp:1)
  The ghost of jsh031029 the Covert, a novice OpSh (D:7)
  23 ironbound convokers
  11 shadow demons (Pan)
  8 starcursed masses (Abyss:3)
  4 lindwurms
  3 phantasmal warriors
  9 necromancers
  33 deep elf zephyrmancers
  6 thermic dynamos
  32 deep elf pyromancers
  11 orc knights
  2 alligator zombies (Swamp:3)
  An iron dragon zombie (Depths:3)
  41 ugly things
  6 spectral spriggans (Swamp:1)
  3 will-o-the-wisps
  An oklob plant (Lair:4)
  2 manticores
  A manticore (shapeshifter) (Depths:2)
  An orc sorcerer (Orc:1)
  11 shining eyes
  22 salamanders
  2 tengu skeletons (Vaults:2)
  3 meliai (D:13)
  5 cyclopes
  28 moths of wrath
  Joseph (D:8)
  15 vault sentinels
  19 elephants
  108 slime creatures
  4 Executioner simulacra (Pan)
  48 black mambas
  A black mamba (shapeshifter) (Abyss:3)
  3 gargoyles
  A frost giant skeleton (Depths:3)
  3 rust devils
  11 guardian serpents
  16 naga magi
  A molten gargoyle (Desolation)
  6 ice statues
  23 orange demons (Pan)
  A storm dragon simulacrum (Depths:3)
  3 torpor snails
  9 eyes of devastation
  36 smoke demons
  2 unseen horrors
  23 large abominations
  7 hellions (Pan)
  21 cane toads
  A rime drake (shapeshifter) (D:15)
  25 yaktaurs
  10 rime drakes
  7 efreet
  Jeremiah (D:8)
  5 tormentors
  10 komodo dragons
  4 freezing wraiths
  A bunyip simulacrum (Swamp:3)
  A tengu conjurer (D:10)
  9 ice devils
  A yaktaur skeleton (Vaults:2)
  An ancient zyme (Abyss:3)
  A silent spectre (Abyss:3)
  8 polar bears
  A queen bee (D:13)
  6 trolls
  2 merfolk (Bazaar)
  16 hellwings
  18 hornets
  3 red devils (Pan)
  A bloated husk (Swamp:1)
  7 tyrant leeches
  3 tarantellas
  10 glass eyes
  2 snapping turtles (shapeshifter) (Vaults:5)
  54 saltlings
  A dream sheep (Lair:4)
  32 blink frogs
  12 raiju
  2 ettin zombies
  5 wraiths
  5 air elementals
  A jumping spider (shapeshifter) (Vaults:5)
  3 ettin skeletons
  25 spriggans
  A spriggan (shapeshifter) (D:15)
  32 ynoxinuls
  4 shadows (Gauntlet)
  3 water elementals
  2 vampires
  7 wyverns
  2 fire elementals (Snake:1)
  59 yaks
  11 basilisks
  8 humans
  An unseen horror simulacrum (D:10)
  23 neqoxecs
  5 wargs
  A yak (shapeshifter) (Lair:5)
  27 vampire mosquitoes
  22 chaos spawn
  10 redbacks
  A death yak simulacrum (Lair:2)
  A steam dragon (D:9)
  28 nagas
  16 swamp worms
  A human zombie (Depths:1)
  23 water moccasins
  A glowing shapeshifter skeleton (Vaults:2)
  22 orc warriors
  5 human skeletons
  5 hell hounds
  A naga skeleton (Abyss:3)
  10 swamp drakes
  A sky beast (D:4)
  4 ice beasts
  4 black bears
  11 laughing skulls
  16 boggarts
  2 swamp dragon zombies (Swamp:3)
  29 ogres
  9 centaurs
  32 wolves
  A phantom (D:6)
  5 kobold brigands
  6 weeping skulls
  16 bullfrogs
  3 elf zombies (Elf:1)
  10 gnoll sergeants
  4 scorpions
  2 earth elementals
  21 small abominations
  10 wights
  A swamp dragon simulacrum (Swamp:3)
  24 killer bees
  A vampire bat (Lair:5)
  5 electric eels (D:6)
  2 lava snakes (Snake:4)
  3 howler monkeys
  5 bombardier beetles
  2 quasits (Abyss:3)
  An iron imp (Abyss:3)
  15 jellies
  3 gnoll boudas
  A hound (D:7)
  6 orc priests
  4 sleepcaps
  Jessica (D:3)
  16 orc wizards
  7 iguanas
  2 wolf simulacra (Lair:2)
  2 spectral hounds (Depths:3)
  Robin (D:3)
  36 gnolls
  8 adders
  4 white imps
  7 ufetubi
  6 dart slugs
  2 ribbon worms
  57 orcs
  6 endoplasms
  3 giant cockroaches
  20 goblins
  12 hobgoblins
  A jackal (D:4)
  6 quokkas
  4 ball pythons
  12 bats
  3 frilled lizards (D:1)
  12 kobolds
  4 rats
  4 aspiring fleshes (Pan)
  A ball lightning (Pan)
  5 fire vortices (Pan)
  2 starspawn tentacles (Abyss:3)
3187 creatures vanquished.

Vanquished Creatures (others)
  Cerebov (Pan)
  3 deep elf knights
  A deep elf zephyrmancer (Elf:2)
  A rime drake (IceCv)
  A bloated husk (Swamp:1)
  5 ball lightnings (Pan)
  5 foxfires
  2 starspawn tentacles (Abyss:2)
19 creatures vanquished.

Grand Total: 3206 creatures vanquished

Notes
Turn   | Place    | Note
-------+----------+-------------------------------------------
     0 | D:1      | LoveShapeshifting the Troll Shapeshifter began the quest
                  | for the Orb.
     0 | D:1      | Reached XP level 1. HP: 18/18 MP: 0/0
    97 | D:1      | Reached XP level 2. HP: 26/26 MP: 1/1
   527 | D:2      | Reached XP level 3. HP: 31/32 MP: 2/2
   994 | D:2      | Found a faded altar of an unknown god.
  1024 | D:2      | Reached XP level 4. HP: 40/40 MP: 3/3
  1171 | D:2      | You fall into a shaft and drop 2 floors!
  1248 | D:4      | Reached skill level 5 in Shapeshifting
  1265 | D:4      | Reached XP level 5. HP: 34/46 MP: 4/4
  1300 | D:4      | Noticed a sky beast
  1316 | D:4      | Killed a sky beast
  1329 | D:4      | Reached XP level 6. HP: 42/54 MP: 5/5
  2114 | D:3      | Noticed Jessica
  2123 | D:3      | Killed Jessica
  2153 | D:3      | Reached XP level 7. HP: 57/57 MP: 6/6
  2157 | D:3      | Noticed Robin
  2167 | D:3      | Killed Robin
  2380 | D:3      | Found Sagygeij's Distillery.
  2384 | D:3      | Found the +5 scythe "Finisher" {speed, execute}
  2388 | D:3      | Bought 2 potions of berserk rage for 120 gold pieces
  2388 | D:3      | Bought a potion of curing for 36 gold pieces
  2875 | D:5      | Entered Level 5 of the Dungeon
  3527 | D:5      | Reached XP level 8. HP: 68/68 MP: 7/7
  3928 | D:6      | Reached skill level 10 in Shapeshifting
  4093 | D:6      | Reached skill level 1 in Fighting
  4197 | D:6      | Found a staircase to the Ecumenical Temple.
  4248 | Temple   | Entered the Ecumenical Temple
  4273 | Temple   | Became a worshipper of the Wu Jian Council
  4306 | D:6      | Reached XP level 9. HP: 83/83 MP: 8/8
  4311 | D:6      | Reached skill level 5 in Unarmed Combat
  4327 | D:6      | Found Evexity's Antique Armour Boutique.
  4445 | D:6      | Found an iron altar of Okawaru.
  5015 | D:7      | Found a transporter.
  5033 | D:7      | Found a transporter.
  5063 | D:7      | Reached skill level 5 in Fighting
  5339 | D:7      | Reached * piety under Wu Jian
  5634 | D:7      | Noticed jsh031029's ghost (novice OpSh)
  5637 | D:7      | Noticed a moth of wrath
  5641 | D:7      | Found a bloodstained altar of Trog.
  5919 | D:8      | Noticed Joseph
  5927 | D:8      | Killed Joseph
  5977 | D:8      | Noticed Gastronok
  5998 | D:8      | Killed Gastronok
  5999 | D:8      | Reached XP level 10. HP: 35/100 MP: 9/9
  6118 | D:8      | Found a transporter.
  6125 | D:8      | Noticed CumLord's ghost (novice FoFi)
  6125 | D:8      | Identified the +6 trident "Isir" {vamp, rPois rN++ Str-3
                  | SInv}
  6125 | D:8      | Identified the +0 buckler of the Contumacious God {rCorr}
  6125 | D:8      | Identified the ring of Yfiekip {rN+ Will+ Int+4}
  6151 | D:8      | Found a transporter.
  6268 | D:8      | Noticed Jeremiah
  6288 | D:8      | Killed Jeremiah
  6638 | D:9      | Found Iqocanes's Book Boutique.
  6840 | D:9      | Noticed Harold
  6850 | D:9      | Killed Harold
  7352 | D:9      | Noticed Erica
  7361 | D:9      | Killed Erica
  7362 | D:9      | Reached XP level 11. HP: 77/113 MP: 10/10
  7489 | D:10     | Entered Level 10 of the Dungeon
  7521 | D:10     | Reached ** piety under Wu Jian
  7560 | D:10     | Reached skill level 10 in Unarmed Combat
  7563 | D:10     | Noticed a four-headed hydra
  7574 | D:10     | Killed a four-headed hydra
  7710 | D:10     | Noticed a boulder beetle
  7725 | D:10     | Killed a boulder beetle
  7745 | D:10     | Reached skill level 10 in Fighting
  7910 | D:10     | Noticed a two-headed ogre
  7916 | D:10     | Killed a two-headed ogre
  7971 | D:10     | Noticed a centaur warrior
  7976 | D:10     | Killed a centaur warrior
  8005 | D:10     | Found a hazy altar of Hepliaklqana.
  8037 | D:10     | Noticed a centaur warrior
  8041 | D:10     | Killed a centaur warrior
  8101 | D:10     | Noticed a catoblepas
  8107 | D:10     | Killed a catoblepas
  8306 | D:10     | Identified the +5 ring mail of the Grim God {Rampage Will+
                  | Int+6 Stlth+}
  8341 | D:10     | Noticed a deep elf pyromancer
  8358 | D:10     | Killed a deep elf pyromancer
  8847 | D:10     | Reached XP level 12. HP: 128/128 MP: 11/11
  9104 | D:11     | Noticed a two-headed ogre
  9118 | D:11     | Killed a two-headed ogre
  9347 | D:11     | Found a staircase to the Lair.
  9517 | D:11     | Found a hide-covered altar of Uskayaw.
  9604 | D:12     | Noticed Fannar
  9621 | D:12     | Killed Fannar
  9621 | D:12     | Reached *** piety under Wu Jian
  9944 | D:12     | Found a staircase to the Orcish Mines.
 10073 | D:12     | Found Vewosow's Antique Weapon Emporium.
 10105 | D:12     | Noticed Jorgrun
 10113 | D:12     | Killed Jorgrun
 10561 | D:12     | Found a portal to a secret trove of treasure.
 10984 | D:3      | Bought a potion of resistance for 120 gold pieces
 10984 | D:3      | Bought 2 potions of cancellation for 192 gold pieces
 10984 | D:3      | Bought 2 potions of heal wounds for 120 gold pieces
 10984 | D:3      | Bought a potion of mutation for 96 gold pieces
 10984 | D:3      | Bought a potion of brilliance for 48 gold pieces
 11133 | Orc:1    | Entered Level 1 of the Orcish Mines
 11427 | Orc:2    | Entered Level 2 of the Orcish Mines
 11438 | Orc:2    | Found a radiant altar of Vehumet.
 11450 | Orc:2    | Found a staircase to the Elven Halls.
 11469 | Orc:2    | Noticed a two-headed ogre
 11469 | Orc:2    | Noticed a two-headed ogre
 11469 | Orc:2    | Noticed an ogre mage
 11469 | Orc:2    | Noticed an ogre mage
 11469 | Orc:2    | Noticed an ogre mage
 11470 | Orc:2    | Noticed an ogre mage
 11470 | Orc:2    | Found Beselup's Assorted Antiques.
 11470 | Orc:2    | Found Korhaos's Book Shop.
 11470 | Orc:2    | Noticed a two-headed ogre
 11470 | Orc:2    | Noticed a two-headed ogre
 11471 | Orc:2    | Noticed a two-headed ogre
 11471 | Orc:2    | Noticed a two-headed ogre
 11659 | Orc:1    | Reached **** piety under Wu Jian
 11727 | Orc:1    | Killed a two-headed ogre
 11728 | Orc:1    | Killed a two-headed ogre
 11729 | Orc:1    | Reached XP level 13. HP: 84/139 MP: 12/12
 11807 | Orc:2    | Paralysed by an orc sorcerer for 4 turns
 11822 | Orc:1    | Paralysed by something for 2 turns
 12041 | Orc:2    | Paralysed by an ogre mage for 3 turns
 12344 | Orc:2    | Reached skill level 15 in Shapeshifting
 12447 | Orc:2    | Found Haqezabi's Distillery.
 12447 | Orc:2    | Found Ciehaiff's Jewellery Shoppe.
 12453 | Orc:2    | Bought a scroll of identify for 66 gold pieces
 12859 | Orc:2    | Found Farphiala's Magic Scroll Shop.
 12862 | Orc:2    | Bought a scroll of vulnerability for 40 gold pieces
 12862 | Orc:2    | Bought a scroll of summoning for 95 gold pieces
 12863 | Orc:2    | Bought a scroll of identify for 20 gold pieces
 12863 | Orc:2    | Bought a scroll of identify for 20 gold pieces
 12865 | Orc:2    | Bought a scroll of identify for 20 gold pieces
 13031 | Orc:1    | Reached ***** piety under Wu Jian
 13102 | Orc:1    | You fall into a shaft and drop 1 floor!
 13191 | Lair:1   | Entered Level 1 of the Lair of Beasts
 14189 | Lair:2   | Reached XP level 14. HP: 150/150 MP: 13/13
 14225 | Lair:2   | Found a frozen archway.
 14331 | IceCv    | Entered an ice cave
 14618 | IceCv    | Noticed a frost giant
 14631 | IceCv    | Killed a frost giant
 14776 | IceCv    | Reached ****** piety under Wu Jian
 15281 | Lair:2   | Found a staircase to the Snake Pit.
 15410 | Lair:2   | Found a staircase to the Swamp.
 15523 | Lair:2   | Identified a scroll of acquirement
 15574 | Lair:2   | Acquired 734 gold pieces
 17243 | Lair:4   | Reached XP level 15. HP: 165/165 MP: 14/14
 17251 | Lair:4   | Identified the +3 sling of the Viper {elec, rPois Str+5}
 17588 | Lair:4   | Found a staircase to the Slime Pits.
 17593 | Lair:4   | Found a viscous altar of Jiyva.
 18072 | Lair:5   | Entered Level 5 of the Lair of Beasts
 18074 | Lair:5   | Reached skill level 15 in Fighting
 19046 | Lair:5   | Found a corrupted altar of Lugonu.
 19046 | Lair:5   | Found a one-way gate to the infinite horrors of the Abyss.
 20027 | D:11     | You fall into a shaft and drop 2 floors!
 20027 | D:13     | Found a stormy altar of Qazlal.
 20299 | D:13     | Acquired a manual of Shapeshifting
 20320 | D:13     | Noticed Nessos
 20333 | D:13     | Killed Nessos
 20511 | D:13     | You fall into a shaft and drop 1 floor!
 20671 | D:14     | Found a gate to the Vaults.
 20704 | D:14     | Found a gate leading to a gauntlet.
 20712 | D:14     | Reached XP level 16. HP: 169/176 MP: 15/15
 20738 | Gauntlet | Entered a Gauntlet
 20738 | Gauntlet | Found a transporter.
 20761 | Gauntlet | Found a transporter.
 20768 | Gauntlet | Found a transporter.
 20783 | Gauntlet | Found a transporter.
 20788 | Gauntlet | Found a transporter.
 20813 | Gauntlet | Found a transporter.
 20822 | Gauntlet | Found a transporter.
 20834 | Gauntlet | Found a transporter.
 20849 | Gauntlet | Found a large runed translucent door.
 20850 | Gauntlet | Found a large runed translucent door.
 20851 | Gauntlet | Found a large runed translucent door.
 20851 | Gauntlet | Found a large runed translucent door.
 20852 | Gauntlet | Found a runed translucent gate.
 20853 | Gauntlet | Found a transporter.
 20853 | Gauntlet | Found a runed translucent gate.
 20854 | Gauntlet | Found a runed translucent gate.
 20855 | Gauntlet | Found a large runed translucent door.
 20855 | Gauntlet | Found a large runed translucent door.
 20855 | Gauntlet | Found a runed translucent door.
 20855 | Gauntlet | Found a runed translucent door.
 20856 | Gauntlet | Found a large runed translucent door.
 20857 | Gauntlet | Found a large runed translucent door.
 20862 | Gauntlet | Found a large runed translucent door.
 20862 | Gauntlet | Found a large runed translucent door.
 20863 | Gauntlet | Found a large runed translucent door.
 20864 | Gauntlet | Found a large runed translucent door.
 20872 | Gauntlet | Found a transporter.
 20884 | Gauntlet | Found a transporter.
 20901 | Gauntlet | Found a transporter.
 20918 | Gauntlet | Found a transporter.
 20920 | Gauntlet | Found a transporter.
 21019 | Gauntlet | Found a large runed translucent door.
 21019 | Gauntlet | Found a large runed translucent door.
 21020 | Gauntlet | Found a large runed translucent door.
 21021 | Gauntlet | Found a large runed translucent door.
 21113 | Gauntlet | Found a transporter.
 21115 | Gauntlet | Found a transporter.
 21121 | Gauntlet | Found a transporter.
 21135 | Gauntlet | Found a transporter.
 21343 | Gauntlet | Identified the ring of Eternal Night {+Blink rPois Str+3}
 21371 | Gauntlet | Identified the +1 ice dragon scales "Qarr" {rElec rPois rF-
                  | rC++}
 21410 | Gauntlet | Got the Encyclopedia of Outbursts and the Birds
 21906 | D:13     | Noticed Snorg
 21911 | D:13     | Killed Snorg
 22162 | D:15     | Entered Level 15 of the Dungeon
 22178 | D:15     | HP: 6/211 [large slime creature (27)]
 22481 | D:15     | Found a staircase to the Depths.
 22699 | D:15     | Found a snail-covered altar of Cheibriados.
 22821 | D:15     | Found a shimmering blue altar of Sif Muna.
 23404 | Orc:2    | Bought a dragon-blood talisman for 960 gold pieces
 23471 | Orc:2    | Bought a potion of mutation for 264 gold pieces
 23471 | Orc:2    | Bought a potion of heal wounds for 165 gold pieces
 23471 | Orc:2    | Bought a potion of curing for 99 gold pieces
 23471 | Orc:2    | Bought a potion of brilliance for 132 gold pieces
 23642 | D:3      | Bought 2 potions of enlightenment for 120 gold pieces
 23642 | D:3      | Bought a potion of enlightenment for 60 gold pieces
 23729 | D:7      | Killed jsh031029's ghost
 23824 | D:8      | Killed CumLord's ghost
 24149 | Snake:1  | Entered Level 1 of the Snake Pit
 24316 | Snake:1  | Identified the +3 falchion of the Seven Persimmons {heavy,
                  | rC++}
 24321 | Snake:1  | Learned a level 2 spell: Blink
 24333 | Snake:1  | Learned a level 4 spell: Manifold Assault
 24374 | Snake:1  | Noticed Azrael
 24385 | Snake:1  | Killed Azrael
 24388 | Snake:1  | Noticed Frances
 24397 | Snake:1  | Killed Frances
 24404 | Snake:1  | Reached skill level 1 in Translocations
 25313 | Snake:2  | Identified the serpent talisman "Eruuxku" {MP+9 Dex+3
                  | Stlth+}
 25313 | Snake:2  | Noticed Aizul
 25321 | Snake:2  | Killed Aizul
 26125 | Snake:2  | Reached XP level 17. HP: 180/184 MP: 0/16
 26608 | Snake:2  | Noticed Vashnia
 26610 | Snake:2  | Reached skill level 15 in Unarmed Combat
 26615 | Snake:2  | Killed Vashnia
 27250 | Snake:3  | Found Fantyexi's Antique Armour Emporium.
 27708 | Snake:3  | Found a hide-covered altar of Uskayaw.
 28302 | Snake:3  | Reached skill level 5 in Translocations
 28751 | Snake:4  | Entered Level 4 of the Snake Pit
 29068 | Snake:4  | Reached XP level 18. HP: 55/193 MP: 11/17
 29561 | Snake:4  | Found an iron altar of Okawaru.
 29620 | Snake:4  | Got a serpentine rune of Zot
 30002 | Swamp:1  | Entered Level 1 of the Swamp
 31163 | Swamp:2  | Noticed Roxanne
 31176 | Swamp:2  | Killed Roxanne
 31917 | Swamp:3  | Reached XP level 19. HP: 204/204 MP: 18/18
 32041 | Swamp:4  | Entered Level 4 of the Swamp
 32091 | Swamp:4  | Identified the +0 ring mail of Defence {Harm rElec Will-
                  | Int+7}
 32337 | Swamp:4  | Got a decaying rune of Zot
 32855 | Orc:2    | Bought a scroll of enchant armour for 75 gold pieces
 32855 | Orc:2    | Bought a scroll of enchant weapon for 75 gold pieces
 33349 | Vaults:1 | Entered Level 1 of the Vaults
 35862 | Vaults:2 | Found a staircase to the Crypt.
 36137 | Vaults:3 | Reached XP level 20. HP: 217/217 MP: 19/19
 36214 | Abyss:2  | Cast into level 2 of the Abyss (vault guard)
 36406 | Abyss:2  | Noticed a bone dragon
 36410 | Abyss:2  | Killed a bone dragon
 36503 | Vaults:3 | Escaped the Abyss
 37761 | Vaults:4 | Reached skill level 10 in Translocations
 38040 | Vaults:4 | Identified the +4 scale mail "Muidoder" {rElec rPois Regen+
                  | Dex-5}
 38455 | Vaults:4 | Found Asan's Jewellery Emporium.
 38845 | Vaults:4 | Found Batakh Dowa's Antique Weapon Emporium.
 39097 | Vaults:4 | Reached XP level 21. HP: 228/228 MP: 20/20
 39366 | Elf:1    | Entered Level 1 of the Elven Halls
 39472 | Elf:1    | Reached skill level 27 in Shapeshifting
 39546 | Elf:1    | Paralysed by an air elemental for 1 turns
 39894 | Elf:1    | Found a crumbling gateway.
 39903 | Desolati | Entered the Desolation of Salt
 39994 | Desolati | Found the +8 demon blade "Leech" {evervamp, Harm ^Drain
                  | rN+}
 40033 | Desolati | Found the +6 Majin-Bo {spellvamp, MP+6 Int+6}
 40043 | Desolati | Got the Spellbook of Bloody Soot
 40343 | Desolati | Identified the +10 battleaxe "Gackod" {pain, rF- Will+
                  | Int+2 Stlth+}
 40415 | Desolati | Found the amulet of the Air {Inacc Air Fly rElec RMsl}
 40420 | Desolati | Identified the amulet of Qeodd {Faith rPois Str-4 Dex+7
                  | SInv}
 40429 | Desolati | Identified the staff "Xoliq" {rN+ Str+3 Dex+4 Necro}
 40430 | Desolati | Identified the ring "Cyuga Wore" {rC+ rN+ Int+5}
 40435 | Desolati | Got the Almanac of the Glacier
 40562 | Desolati | Found the +9 staff of Olgreb {rPois∞}
 40564 | Desolati | Got the Reference Book on the Birds and Allies
 40566 | Desolati | Identified the +9 battleaxe of Execution {antimagic, rF+
                  | Dex+6 Stlth-}
 40568 | Desolati | Identified the amulet of Day {Reflect Will+ Int+2 SH+5}
 41085 | D:12     | You paid a toll of a +8 demon blade to enter a treasure
                  | trove
 41086 | Trove    | Entered a treasure trove
 41096 | Trove    | Identified the ring "Daadehiw" {rC+ SInv}
 41100 | Trove    | Identified the amulet "Tuin" {Acrobat Rampage rC+ Slay+2}
 41111 | Trove    | Identified the ring of Naohuq {rC+ Int+2 Dex+5 Stlth-}
 41113 | Trove    | Identified the ring of the Mertaur {Fire ^Contam Fly rPois}
 41116 | Trove    | Identified the ring "Juqulik" {Fly Int+2}
 41117 | Trove    | Identified the ring of Zoqaholl {rElec EV+5 Str-5 SInv
                  | Stlth+}
 41800 | Elf:1    | Found a shimmering blue altar of Sif Muna.
 41896 | Elf:1    | Got the Book of the Necropsy
 42046 | Elf:2    | Paralysed by an air elemental for 1 turns
 42361 | Elf:2    | Paralysed by an air elemental for 1 turns
 42509 | Elf:2    | Found Kishuite's Magic Scroll Shoppe.
 42594 | Elf:2    | Bought a scroll of fog for 56 gold pieces
 42594 | Elf:2    | Bought a scroll of enchant armour for 105 gold pieces
 42594 | Elf:2    | Bought a scroll of fear for 56 gold pieces
 42594 | Elf:2    | Bought a scroll of brand weapon for 133 gold pieces
 42594 | Elf:2    | Bought a scroll of silence for 133 gold pieces
 42594 | Elf:2    | Bought a scroll of vulnerability for 56 gold pieces
 42654 | Elf:2    | Found a runed translucent gate.
 42654 | Elf:2    | Found a runed translucent gate.
 42655 | Elf:2    | Found a runed translucent gate.
 42996 | Elf:2    | Reached XP level 22. HP: 220/244 MP: 5/21
 43331 | Elf:3    | Entered Level 3 of the Elven Halls
 43630 | Elf:3    | Paralysed by an air elemental for 1 turns
 43673 | Elf:3    | Identified the +2 whip of Giliab {freeze, Dex+3}
 44226 | Elf:3    | Identified the +0 glaive "Maruyvil" {protect, rPois Will-
                  | Int+3 SInv}
 44226 | Elf:3    | Identified the ring "Coycaoj" {rF++ Str+6 Int+4}
 44263 | Elf:3    | Got Umule's Directory of Somewhere Else
 44327 | Elf:3    | Identified the staff of Ykkeimoutt {rC+ Necro Ice}
 44475 | Elf:3    | Identified the staff of Defiance {rC+ Str-5 Dex+2 Ice Air}
 45156 | Vaults:5 | Entered Level 5 of the Vaults
 45187 | Vaults:5 | Noticed an ancient lich
 45193 | Vaults:5 | Killed an ancient lich
 45452 | Vaults:5 | Identified the +2 war axe of Valiance {heavy, rC+ Will+
                  | SInv Stlth-}
 45466 | Vaults:5 | Found Ifriuh's Magic Scroll Shoppe.
 45471 | Vaults:5 | Identified the dragon-blood talisman of Past Mistakes
                  | {Str+6}
 45522 | Vaults:5 | Bought a scroll of torment for 190 gold pieces
 45522 | Vaults:5 | Bought a scroll of enchant weapon for 150 gold pieces
 45522 | Vaults:5 | Bought a scroll of poison for 80 gold pieces
 45522 | Vaults:5 | Bought a scroll of brand weapon for 190 gold pieces
 45522 | Vaults:5 | Bought a scroll of noise for 20 gold pieces
 45522 | Vaults:5 | Bought 3 scrolls of revelation for 450 gold pieces
 45534 | Vaults:5 | Reached XP level 23. HP: 254/254 MP: 22/22
 45739 | Vaults:5 | Got a silver rune of Zot
 45740 | Vaults:5 | Identified the +9 scimitar "Hulk" {drain, Str+4}
 45950 | Vaults:5 | Identified the ring "Documasy" {rPois rC++ Str-2 Int+6
                  | Stlth+}
 45950 | Vaults:5 | Identified the ring of Kiyrghir {rElec rF+ rC- Dex-4
                  | Stlth+}
 46023 | Vaults:5 | Gained mutation: Your mind is acute. (Int +4, Str/Dex -1)
                  | [a shining eye]
 46311 | Vaults:5 | Identified the +10 bardiche "Ixeo" {protect, SInv}
 46318 | Vaults:5 | Identified the +0 hand axe "Nilef" {flame, rPois rN+ Will+
                  | Dex+3}
 46945 | Depths:1 | Entered Level 1 of the Depths
 47146 | Depths:1 | Found Jeghott's Distillery.
 47155 | Depths:1 | Bought a potion of heal wounds for 60 gold pieces
 47155 | Depths:1 | Bought a potion of attraction for 36 gold pieces
 47155 | Depths:1 | Bought a potion of ambrosia for 96 gold pieces
 47155 | Depths:1 | Bought a potion of lignification for 36 gold pieces
 47155 | Depths:1 | Bought 2 potions of curing for 72 gold pieces
 47155 | Depths:1 | Bought a potion of curing for 36 gold pieces
 47155 | Depths:1 | Bought a potion of lignification for 36 gold pieces
 47155 | Depths:1 | Bought 2 potions of might for 96 gold pieces
 47155 | Depths:1 | Found Veorches's Armour Boutique.
 47299 | Depths:1 | Noticed Mara
 47301 | Depths:1 | Noticed LoveShapeshifting's illusion
 47308 | Depths:1 | Killed Mara
 47567 | Depths:1 | Found a gateway to Hell.
 47693 | Depths:1 | Got the Parchment of Leucosis
 48374 | Depths:1 | Gained mutation: You have sharp toenails. [a cacodemon]
 48376 | Depths:1 | Found a one-way gate leading to the halls of Pandemonium.
 48860 | Depths:1 | Got Ziadeeg's Compendium of Corpses
 49167 | Depths:2 | Found a sparkling altar of Nemelex Xobeh.
 49167 | Depths:2 | Identified the +2 robe "Tocseg" {Dex+4}
 49167 | Depths:2 | Noticed Boris
 49168 | Depths:2 | Killed Boris
 49354 | Depths:2 | Found Suvaf's Antique Armour Shop.
 49394 | Depths:2 | Noticed a caustic shrike
 49398 | Depths:2 | Killed a caustic shrike
 49885 | Depths:2 | Identified the +2 mace "Vaewoz" {freeze, Int+3}
 50126 | Depths:2 | Reached XP level 24. HP: 265/265 MP: 22/22
 50208 | Depths:2 | Noticed Asterion
 50213 | Depths:2 | Killed Asterion
 50625 | Depths:3 | Reached skill level 15 in Translocations
 50909 | Depths:3 | Found Ycur's Jewellery Boutique.
 51069 | Depths:3 | Found a one-way gateway to a ziggurat.
 51415 | Depths:4 | Entered Level 4 of the Depths
 51434 | Depths:4 | HP: 19/400 [deep troll (19)]
 51446 | Depths:4 | Found a flickering gateway to a bazaar.
 51450 | Bazaar   | Entered a bazaar
 51450 | Bazaar   | Found Potediugh's Weapon Shoppe.
 51450 | Bazaar   | Found Jiguvvig's Book Emporium.
 51664 | Bazaar   | Found Ycapta's Armour Shoppe.
 51700 | Bazaar   | Found Taekab's Assorted Antiques.
 51712 | Bazaar   | Bought a potion of curing for 105 gold pieces
 51712 | Bazaar   | Bought a potion of invisibility for 280 gold pieces
 51712 | Bazaar   | Bought a potion of enlightenment for 175 gold pieces
 51712 | Bazaar   | Bought a potion of attraction for 105 gold pieces
 51712 | Bazaar   | Bought a wand of digging (4) for 588 gold pieces
 51900 | Depths:4 | Found a gate to the Realm of Zot.
 52692 | Zot:1    | Entered Level 1 of the Realm of Zot
 52948 | Zot:1    | Found a runed translucent door.
 52948 | Zot:1    | Found a shimmering altar of Xom.
 52948 | Zot:1    | Noticed Obamn's ghost (legendary FoAl)
 52976 | Zot:1    | Killed Obamn's ghost
 53415 | Zot:1    | Reached XP level 25. HP: 280/280 MP: 22/22
 53870 | Zot:2    | Identified the +8 dagger of the Screaming Gods {elec,
                  | ^Fragile Dex+3}
 53945 | Zot:2    | Noticed Vv
 53951 | Zot:2    | Killed Vv
 54731 | Zot:3    | Reached skill level 1 in Stealth
 54916 | Zot:3    | You are sucked into a shaft and drop 1 floor!
 54985 | Zot:3    | Identified the +9 short sword of Pyonoqih {chaos, rC+}
 55087 | Zot:3    | Found a stormy altar of Qazlal.
 55413 | Zot:3    | Found a stormy altar of Qazlal.
 56047 | Zot:4    | Noticed a Killer Klown
 56140 | Zot:4    | Noticed a Killer Klown
 56141 | Zot:4    | Killed a Killer Klown
 56142 | Zot:4    | Noticed a Killer Klown
 56144 | Zot:4    | Killed a Killer Klown
 56146 | Zot:4    | Noticed a Killer Klown
 56283 | Zot:3    | Killed a Killer Klown
 56404 | Zot:3    | Killed a Killer Klown
 57239 | Zot:4    | Noticed a Killer Klown
 57240 | Zot:4    | Killed a Killer Klown
 57391 | Zot:5    | Entered Level 5 of the Realm of Zot
 57415 | Zot:5    | Reached skill level 5 in Stealth
 58083 | Zot:5    | Noticed an ancient lich
 58085 | Zot:5    | Killed an ancient lich
 58175 | Zot:5    | Noticed a Killer Klown
 58196 | Zot:5    | Killed a Killer Klown
 58290 | Zot:5    | Noticed an ancient lich
 58292 | Zot:5    | Reached XP level 26. HP: 297/297 MP: 12/22
 58293 | Zot:5    | Killed an ancient lich
 58377 | Zot:5    | Noticed an orb of fire
 58380 | Zot:5    | Killed an orb of fire
 58443 | Zot:5    | Noticed an ancient lich
 58446 | Zot:5    | Killed an ancient lich
 58569 | Zot:5    | Noticed an orb of fire
 58579 | Zot:5    | Killed an orb of fire
 58599 | Zot:5    | Noticed an orb of fire
 58604 | Zot:5    | Gained mutation: You are vulnerable to heat. (rF-) [an orb
                  | of fire]
 58606 | Zot:5    | Gained mutation: You occasionally lose the ability to drink
                  | potions when taking damage. [an orb of fire]
 58606 | Zot:5    | Lost mutation: Your mind is acute. (Int +4, Str/Dex -1) [an
                  | orb of fire]
 58607 | Zot:5    | Gained mutation: You sometimes lose the ability to drink
                  | potions when taking damage. [an orb of fire]
 58609 | Zot:5    | Killed an orb of fire
 58978 | Zot:5    | Identified the ring "Jathrufuo" {rPois rF+ Will- MP+9
                  | Stlth+}
 59048 | Zot:5    | Noticed an ancient lich
 59056 | Zot:5    | Killed an ancient lich
 59125 | Zot:5    | Identified the ring of Attitude {Wiz +Blink rElec Str-4
                  | Int+6}
 60044 | Slime:1  | Entered Level 1 of the Pits of Slime
 60957 | Slime:1  | Paralysed by a formless jellyfish for 1 turns
 61269 | Slime:2  | Gained mutation: You are clumsy. (Dex -2) [a shining eye]
 63879 | Slime:4  | Learned a level 2 spell: Lesser Beckoning
 63884 | Slime:4  | Learned a level 4 spell: Passage of Golubria
 64134 | Slime:5  | Entered Level 5 of the Pits of Slime
 64355 | Slime:4  | Gained mutation: You are weak. (Str -2) [a shining eye]
 65017 | Slime:5  | Noticed the Royal Jelly
 65037 | Slime:5  | Killed the Royal Jelly
 65045 | Slime:5  | Found the +8 pair of quick blades "Gyre" and "Gimble"
                  | {protect}
 65052 | Slime:5  | Lost mutation: You have sharp toenails. [a shining eye]
 65185 | Slime:5  | Got a slimy rune of Zot
 65231 | Slime:5  | Identified the +0 kite shield "Qeitetos" {rPois Int+4}
 65351 | Slime:5  | Identified the +0 robe of Nehal {Dex+4}
 65736 | Slime:5  | Identified the +0 leather armour "Qonimey" {Regen+ Dex+3}
 65755 | Slime:5  | Lost mutation: You sometimes lose the ability to drink
                  | potions when taking damage. [potion of mutation]
 65755 | Slime:5  | Lost mutation: You are clumsy. (Dex -2) [potion of
                  | mutation]
 65755 | Slime:5  | Gained mutation: You are clumsy. (Dex -2) [potion of
                  | mutation]
 65755 | Slime:5  | Gained mutation: Your spells are a little harder to cast,
                  | but a little more powerful. [potion of mutation]
 65755 | Slime:5  | Gained mutation: You heal very quickly. [potion of
                  | mutation]
 65756 | Slime:5  | Lost mutation: Your spells are a little harder to cast, but
                  | a little more powerful. [potion of mutation]
 65756 | Slime:5  | Lost mutation: You occasionally lose the ability to drink
                  | potions when taking damage. [potion of mutation]
 65756 | Slime:5  | Lost mutation: You are vulnerable to heat. (rF-) [potion of
                  | mutation]
 65756 | Slime:5  | Gained mutation: You have sharp toenails. [potion of
                  | mutation]
 65756 | Slime:5  | Gained mutation: You expend magic power (3 MP) to
                  | strengthen your wands. [potion of mutation]
 65757 | Slime:5  | Lost mutation: You have sharp toenails. [potion of
                  | mutation]
 65757 | Slime:5  | Lost mutation: You are weak. (Str -2) [potion of mutation]
 65757 | Slime:5  | Gained mutation: You possess an exceptional clarity of
                  | mind. [potion of mutation]
 65757 | Slime:5  | Gained mutation: You have sharp toenails. [potion of
                  | mutation]
 65757 | Slime:5  | Gained mutation: You are partially covered in iridescent
                  | scales. (AC +2) [potion of mutation]
 65758 | Slime:5  | Lost mutation: You are clumsy. (Dex -2) [potion of
                  | mutation]
 65758 | Slime:5  | Lost mutation: You expend magic power (3 MP) to strengthen
                  | your wands. [potion of mutation]
 66128 | Depths:3 | Found a roughly hewn altar of Beogh.
 66154 | Depths:3 | Reached XP level 27. HP: 312/312 MP: 22/22
 66236 | Depths:3 | Found an ancient bone altar of Kikubaaqudgha.
 66247 | Depths:3 | Identified the +8 flail of Goilie {holy, rF+ rC+ rN+
                  | Will++}
 66318 | Depths:3 | Found a shimmering blue altar of Sif Muna.
 66438 | Depths:3 | Identified the +3 robe "Upnovim" {rElec rPois Str-2
                  | Archmagi}
 66438 | Depths:3 | Noticed Boris
 66441 | Depths:3 | Killed Boris
 66660 | Depths:3 | Found The Legendary Vaogajua's Legendary Smithy.
 66682 | Depths:3 | Found Modghoa's General Store.
 66764 | Depths:3 | Found a bloodstained altar of Trog.
 66784 | Depths:3 | Found Biramef's Miraculous Elixirs.
 66885 | Depths:3 | Voluntarily entered the Abyss.
 66924 | Abyss:3  | Found a corrupted altar of Lugonu.
 67019 | Abyss:3  | Noticed an ancient lich
 67025 | Abyss:3  | Killed an ancient lich
 67201 | Abyss:3  | Got an abyssal rune of Zot
 67221 | Depths:3 | Escaped the Abyss
 67400 | Depths:1 | Learned a level 8 spell: Discord
 67406 | Depths:1 | Learned a level 5 spell: Silence
 67552 | Pan      | Entered Pandemonium
 67579 | Pan      | Reached skill level 1 in Hexes
 68112 | Pan      | Noticed Foty the pandemonium lord
 68117 | Pan      | Killed Foty the pandemonium lord
 68594 | Pan      | Identified the orb "Uduoje" {light, Str+4 Earth}
 69137 | Pan      | Noticed Ristruat the pandemonium lord
 69140 | Pan      | Killed Ristruat the pandemonium lord
 69164 | Pan      | Got a demonic rune of Zot
 69639 | Pan      | Reached skill level 10 in Stealth
 69902 | Pan      | Gained mutation: You have hidden genetic defects. [a
                  | neqoxec]
 69903 | Pan      | Noticed Suprilaurph the pandemonium lord
 69906 | Pan      | Killed Suprilaurph the pandemonium lord
 69920 | Pan      | Entered the realm of Lom Lobon.
 70022 | Pan      | Reached skill level 5 in Hexes
 70862 | Pan      | Noticed Lom Lobon
 70872 | Pan      | Killed Lom Lobon
 70979 | Pan      | Got a magical rune of Zot
 71088 | Pan      | Gained mutation: You are frail. (-10% HP) [hidden defects]
 71229 | Pan      | Gained mutation: You have razor-sharp toenails. [a neqoxec]
 71242 | Pan      | Noticed Guacwuss the pandemonium lord
 71247 | Pan      | Killed Guacwuss the pandemonium lord
 71704 | Pan      | Noticed Wubrano the pandemonium lord
 71711 | Pan      | Killed Wubrano the pandemonium lord
 71734 | Pan      | Gained mutation: Your magical capacity is low. (-10% MP)
                  | [hidden defects]
 71734 | Pan      | Lost mutation: You have hidden genetic defects. [hidden
                  | defects expressed]
 71848 | Pan      | Lost mutation: You possess an exceptional clarity of mind.
                  | [potion of mutation]
 71848 | Pan      | Lost mutation: Your magical capacity is low. (-10% MP)
                  | [potion of mutation]
 71848 | Pan      | Lost mutation: You heal very quickly. [potion of mutation]
 71848 | Pan      | Gained mutation: You are clumsy. (Dex -2) [potion of
                  | mutation]
 71848 | Pan      | Gained mutation: Your muscles are strong. (Str +4, Int/Dex
                  | -1) [potion of mutation]
 71848 | Pan      | Gained mutation: You are somewhat resistant to further
                  | mutation. [potion of mutation]
 71850 | Pan      | Lost mutation: You are clumsy. (Dex -2) [potion of
                  | mutation]
 71850 | Pan      | Lost mutation: You have razor-sharp toenails. [potion of
                  | mutation]
 71850 | Pan      | Gained mutation: You have very sharp teeth. [potion of
                  | mutation]
 71851 | Pan      | Lost mutation: You are partially covered in iridescent
                  | scales. (AC +2) [potion of mutation]
 71851 | Pan      | Lost mutation: Your muscles are strong. (Str +4, Int/Dex
                  | -1) [potion of mutation]
 71851 | Pan      | Gained mutation: Your mind is acute. (Int +4, Str/Dex -1)
                  | [potion of mutation]
 71852 | Pan      | Lost mutation: You are frail. (-10% HP) [potion of
                  | mutation]
 71852 | Pan      | Lost mutation: You have sharp toenails. [potion of
                  | mutation]
 71852 | Pan      | Lost mutation: You are somewhat resistant to further
                  | mutation. [potion of mutation]
 71852 | Pan      | Gained mutation: You possess an exceptional clarity of
                  | mind. [potion of mutation]
 71852 | Pan      | Gained mutation: Your mind is very acute. (Int +8, Str/Dex
                  | -2) [potion of mutation]
 71852 | Pan      | Gained mutation: Your flesh is heat resistant. (rF+)
                  | [potion of mutation]
 71887 | Pan      | Found an exit through the horrors of the Abyss.
 71928 | Depths:1 | Escaped Pandemonium
 71930 | Pan      | Entered Pandemonium
 72179 | Pan      | Noticed Ogirchal the pandemonium lord
 72186 | Pan      | Killed Ogirchal the pandemonium lord
 72292 | Pan      | Gained mutation: You have a pair of small antennae on your
                  | head. [a cacodemon]
 73060 | Pan      | Noticed Feret the pandemonium lord
 73071 | Pan      | Killed Feret the pandemonium lord
 73091 | Pan      | Entered the realm of Mnoleg.
 73187 | Pan      | Gained mutation: Your magical capacity is low. (-10% MP) [a
                  | cacodemon]
 73396 | Pan      | Noticed Mnoleg
 73406 | Pan      | Killed Mnoleg
 73446 | Pan      | Identified the staff "Dualit" {MP-9 Int+4 Conj}
 73473 | Pan      | Got a glowing rune of Zot
 73837 | Pan      | Identified the +1 robe of Pan-Flutes {Rampage rCorr Stlth+}
 74143 | Pan      | Entered the realm of Cerebov.
 74178 | Pan      | Reached skill level 27 in Fighting
 74450 | Abyss:4  | Cast into level 4 of the Abyss (demonspawn warmonger)
 74460 | Pan      | Escaped the Abyss
 74495 | Pan      | Identified the amulet "Ilikk" {Faith rN+ Str+5}
 74497 | Pan      | Found the +6 sword of Cerebov {flame}
 74497 | Pan      | Noticed Cerebov
 75017 | Pan      | Reached skill level 27 in Unarmed Combat
 75019 | Pan      | Reached skill level 10 in Hexes
 75165 | Pan      | Identified the +5 lajatang of Meres {heavy, +Blink rPois
                  | rCorr}
 75172 | Pan      | Killed Cerebov
 75432 | Pan      | Got Sif Muna's Teachings on Lapidarian Confrontation
 75499 | Pan      | Got a fiery rune of Zot
 75700 | Pan      | Identified the +8 shortbow "Orb Guardian's Doom" {speed,
                  | rC+ SInv}
 75798 | Pan      | Entered the realm of Gloorx Vloq.
 75816 | Pan      | Noticed Gloorx Vloq
 75818 | Pan      | HP: 12/484 [Executioner (19)]
 75819 | Pan      | HP: 3/484 [hellephant skeleton (10)]
 75819 | Pan      | Mangled by an Executioner

Illustrated notes

Levels and vault maps discovered:
D:1:      minmay_arrival_up_and_down, layout_basic, item_on_display_a
D:2:      layout_basic, hellmonk_ecumenical_altar_inner_sanctum
D:3:      layout_basic, serial_rivers, chequers_serial_rivers_large_a,
          chequers_serial_rivers_room_b, chequers_serial_rivers_room_a,
          chequers_serial_rivers_micro_d, chequers_serial_rivers_micro_a,
          serial_shops, shop, uniq_jessica, uniq_robin
D:4:      layout_loops_ring, minmay_joined_circles
D:5:      layout_gridville
D:6:      layout_loops_cross, temple_green, serial_shops, shop, serial_bayou,
          serial_bayou_lake_a, serial_bayou_shore_a, serial_bayou_shore_b,
          serial_bayou_crossing, minmay_ruined_shrine
D:7:      layout_gridville, gammafunk_ghost_wrathful_warriors,
          minmay_crystal_room
D:8:      layout_loops_ring, gammafunk_ghost_gnarly_gnolls, uniq_jeremiah,
          uniq_joseph, uniq_gastronok
D:9:      layout_irregular_city, serial_shops, shop, minmay_quadrilaterals,
          uniq_erica, uniq_harold
D:10:     minmay_the_grid_triangle_9x9_rhombus_thin
          [minmay_the_grid_triangle_9x9_wacky_v,
          minmay_the_grid_triangle_9x9_prize_top_heavy,
          minmay_the_grid_triangle_9x9_dagger,
          minmay_the_grid_triangle_9x9_sparse_checkered], layout_basic,
          mainiacjoe_overflow_alcove_4, serial_ice, serial_ice_b, serial_ice_n,
          serial_ice_a, serial_ice_g
D:11:     layout_roguey, david_lair_generic, nicolae_uskayaw_dance_studio
D:12:     layout_basic, kennysheep_orc_monster_closet_entryway,
          nicolae_trove_entry_crystal, serial_shops, shop, uniq_fannar,
          uniq_jorgrun
D:13:     layout_loops_cross, special_room [special_room_bee],
          grunt_qazlal_sundering, uniq_snorg, uniq_nessos
D:14:     layout_big_octagon, david_vaults_4, gauntlet_entry_generic,
          kennysheep_nub
D:15:     gammafunk_enter_depths_forms, layout_irregular_city,
          serial_library_hellmonk_statue_hall, kennysheep_slug_shrine
Temple:   mainiacjoe_temple_hex_bubbles
Lair:1:   layout_cave_pods
Lair:2:   layout_chaotic_city, palyth_hydra_swamp_entry,
          minmay_snake_entry_six_corridors, portal_ice_cave_entry_ice_simulacra,
          chequers_serial_rivers_room_b
Lair:3:   layout_loops_ring, kennysheep_basilisk_garden
Lair:4:   kb_forest_paths, layout_long_grid, minmay_slime_entry_jelly_boxes,
          nzn_random_ring
Lair:5:   hellmonk_lair_end_abyssal_woods, layout_small_grid, roderic_batcave
Swamp:1:  nicolae_swamp_flooded_prison, layout_basic_swamp,
          nicolae_swamp_very_dense_foliage, swamp_pool_4
Swamp:2:  layout_basic_swamp, nicolae_swamp_long_stream, swamp_pool_4,
          uniq_roxanne
Swamp:3:  layout_basic_swamp, evilmike_swamp_ruin_house_2,
          nicolae_swamp_necromancer_hut, infiniplex_staircase_pool
Swamp:4:  swamp_alternative, layout_basic_swamp
Snake:1:  layout_honeycomb, uniq_azrael, uniq_frances
Snake:2:  layout_chambers, nicolae_triple_integral, uniq_aizul, uniq_vashnia
Snake:3:  layout_layer_cave, basic_altar, nicolae_snake_gridmaze_entwining,
          drop_trap, nicolae_stop_n_shop_1
Snake:4:  grunt_snake_rune_serpentine_throne, layout_basic, special_room
Slime:1:  layout_caves, nicolae_slime_barrier
Slime:2:  layout_caves
Slime:3:  layout_caves
Slime:4:  layout_caves, nicolae_slime_rock_hall_of_fame
Slime:5:  slime_pit_nicolae_amoeboid
Orc:1:    layout_caves
Orc:2:    st_orc_ogre_mass, layout_caves, serial_shops, nicolae_shop_rolled_up,
          basic_altar, nicolae_orc_minecarts
Elf:1:    layout_loops_corners, portal_desolation_entry_nicolae_nacl,
          basic_altar, minmay_elf_necromancy, drop_trap
Elf:2:    elven_hall_of_blades_hangedman_original [mumra_blade_entry_dagger],
          layout_geoelf_octagon, serial_shops, shop
Elf:3:    minmay_elf_hall_furrowed, layout_loops_cross
Vaults:1: nicolae_vaults_sealed_display, nicolae_vaults_diamond_1,
          nicolae_vaults_diagonal_hallway_8, nicolae_vaults_trapezoid_layered,
          nicolae_vaults_little_squares_6, nicolae_vaults_network_quinsquares
          [nicolae_vaults_network_quincunx_subvault,
          nicolae_vaults_network_quincunx_subvault,
          nicolae_vaults_network_quincunx_subvault,
          nicolae_vaults_network_quincunx_subvault], vaults_dpeg_hooks,
          vaults_room_pools, layout_vaults_quadrants
Vaults:2: nicolae_vaults_what_the_h, nicolae_vaults_display_case,
          nicolae_vaults_puzzle_piece, minmay_crypt_entry_skeletal_spiral,
          vaults_mumra_chevron, v_pattern_1, nicolae_vaults_cochlea, v_misc_22,
          nicolae_vaults_house_2, nicolae_vaults_asterisk, layout_vaults_ring
Vaults:3: hangedman_vaults_slither, nicolae_vaults_wrenched,
          nicolae_vaults_house_1, hangedman_vaults_stream,
          nicolae_vaults_meeting, v_misc_27, nicolae_vaults_double_plus_1,
          nicolae_vaults_yaktaur_gun_rack, vaults_room_ringed_pool,
          layout_vaults_big_room
Vaults:4: nicolae_vaults_trapezoid_lopsided_4, nicolae_vaults_network_s,
          nicolae_vaults_shelves_hall, v_alt_pattern_6,
          ontoclasm_vaults_loading_screen, grunt_vaults_swirl,
          nicolae_vaults_know_your_exits, ontoclasm_vaults_loading_screen,
          nicolae_vaults_six-pack, ontoclasm_vaults_bender,
          vaults_dpeg_diagonal, nicolae_vaults_two_Ls, vaults_room_corners,
          vaults_room_mumra_shop_pool, vaults_room_door_ring,
          vaults_dpeg_encased_lava, layout_vaults_maze_bifur, serial_shops, shop
Vaults:5
Depths:1: layout_gridlike, rand_demon_pan_entry_7, special_room
          [special_room_morgue], pf_hell_entry_tar_spiral,
          minmay_misc_feat_columns, hangedman_research_toxicology,
          minmay_shop_star, uniq_mara
Depths:2: minmay_tile_spiral, layout_gridlike, nemelex_lonely_heart_becter,
          nicolae_hell_entry_hellmouth_sunbeams, serial_shops,
          nicolae_shop_overgrown_old_shop, rand_demon_pan_entry_9, uniq_asterion
Depths:3: grated_community_mu [grated_community_mu_vampire_home,
          grated_community_mu_giant_home, grated_community_mu_spellcaster_home,
          grated_community_mu_orcish_home, grated_community_mu_troll_home,
          grated_community_mu_taur_home, grated_community_mu_unbuilt_plot],
          layout_long_grid, enter_ziggurat_f, serial_shops, shop,
          hangedman_decor_opposing, rand_demon_pan_entry_8, abyss_entry,
          hell_entry, infiniplex_staircase_spiral
Depths:4: grunt_twist_and_shout, layout_cave_pools,
          hangedman_abyss_or_decor_lesser_grid, hell_entry, serial_shops,
          freezing_bzr, abyss_entry, hellmonk_scarab_ruin
Zot:1:    layout_gridlike, ebering_ghost_xom,
          regret_index_zotdec_serpentine_coiled, st_stairs_14, bh_zot_levy_curve
Zot:2:    layout_gridville, uniq_vv
Zot:3:    layout_basic, regret_index_zotdec_storm_pass
Zot:4:    circus_mu, layout_misc_corridors
Zot:5:    layout_misc_corridors
Pan:      grunt_pan_sceptre, layout_small_grid, pan_blood_fountain_small,
          nicolae_pan_glass_arcs, layout_pan_divisions_b
          [pan_division_quadrant_b6, pan_division_quadrant_b6,
          pan_division_quadrant_b3, pan_division_quadrant_b3], rand_demon_4,
          layout_pan_divisions_a [pan_division_quadrant_a6,
          pan_division_quadrant_a3, pan_division_quadrant_a5,
          pan_division_quadrant_a3, pan_division_octagon_halves],
          evilmike_mini_pan_V, layout_gridville, grunt_pan_frozen_over,
          layout_pan_divisions_a [pan_division_quadrant_a4,
          pan_division_quadrant_a2, pan_division_quadrant_a6,
          pan_division_quadrant_a2, pan_division_octagon_empty],
          evilmike_mini_pan_doors, layout_basic, nicolae_pan_sigil_eeng,
          nicolae_pan_cerebovesque_1, lom_lobon_st, layout_onion_city,
          pan_blood_fountain_small, regret_index_pan_divided_teeth,
          nicolae_pan_strange_glyphs [nicolae_pan_strange_glyph_worry,
          nicolae_pan_strange_glyph_schadenfreude,
          nicolae_pan_strange_glyph_disappointment], nicolae_pan_lom_lobonic_1,
          evilmike_mini_pan_layers, layout_grid_shapes, pan_blood_fountain_1,
          pan_blood_fountain_small, nicolae_pan_mnolegish_1,
          nicolae_pan_sigil_nadil, evilmike_mini_pan_T, layout_chambers,
          evilmike_mini_pan_doors_b, layout_cellular_growth,
          pan_blood_fountain_small, nicolae_pan_gloorx_vloqian_3, rand_demon_8,
          layout_small_grid, pan_captured_pigsty, nicolae_pan_gloorx_vloqian_1,
          grunt_pan_pentagram, layout_irregular_city,
          nicolae_pan_cerebovesque_1, evilmike_mini_pan_T, layout_rooms,
          pan_blood_fountain_1, nicolae_pan_diamonds, layout_cellular_growth,
          pan_blood_fountain_1, evilmike_mini_pan_V, layout_basic, rand_demon_1,
          layout_basic, pan_blood_fountain_small, evilmike_mnoleg_eyes,
          layout_rooms, gammafunk_its_a_trap, layout_rooms,
          pan_blood_fountain_1, evilmike_cerebov_lava, layout_basic,
          nicolae_pan_cerebovesque_1, gloorx_vloq, layout_gridlike

Skill      XL: |  1  2  3  4  5  6  7  8  9 10 11 12 13 14 15 16 17 18 19 20 21 22 23 24 25 26 27 |
---------------+----------------------------------------------------------------------------------+-----
Shapeshifting  | 4 5 6 7 9 10 11 13 15 16 18 21 23 24 25 26 27 | 27.0
Fighting       | 3 6 8 10 11 12 14 15 16 17 19 20 21 23 24 27 | 27.0
Unarmed Combat | 4 7 9 10 11 13 14 15 16 18 20 21 22 23 27 | 27.0
Translocations | 2 6 7 9 10 11 14 15 | 15.0
Stealth        | 5 8 10 | 10.0
Hexes          | 11 | 11.2
Dodging        | |  1.5

Action                     |  1- 3 |  4- 6 |  7- 9 | 10-12 | 13-15 | 16-18 | 19-21 | 22-24 | 25-27 || total
---------------------------+-------+-------+-------+-------+-------+-------+-------+-------+-------++-------
  Melee: Unarmed           |    78 |   117 |   253 |   421 |  1042 |   985 |  1150 |  1032 |  1856 ||  6934
         Punch             |     1 |       |     4 |       |       |    50 |    86 |   108 |   210 ||   459
         Scythe            |       |       |    11 |       |       |       |       |       |       ||    11
         Constrict         |       |       |    32 |    90 |   247 |    40 |       |       |       ||   409
         Bite              |       |       |       |       |       |    94 |   128 |   135 |   181 ||   538
         Tailslap          |       |       |       |       |       |    88 |   167 |   163 |   236 ||   654
  Throw: Large rock        |       |     2 |    11 |       |       |       |       |       |       ||    13
   Cast: Manifold Assault  |       |       |       |       |       |     1 |       |       |   293 ||   294
         Blink             |       |       |       |       |       |       |       |       |     1 ||     1
 Invoke: Serpent's Lash    |       |       |       |     1 |     4 |     9 |     2 |     9 |    13 ||    38
         Heavenly Storm    |       |       |       |       |     1 |     2 |     4 |     3 |    11 ||    21
Ability: Lunge             |       |       |     7 |    35 |    72 |   109 |   153 |   141 |   267 ||   784
         Whirlwind         |       |       |       |    10 |    57 |   133 |   177 |   174 |   293 ||   844
         Breathe Fire      |       |       |       |       |       |     2 |       |     1 |       ||     3
         Wall Jump         |       |       |       |       |       |     1 |       |     2 |     1 ||     4
  Evoke: Wand              |       |       |    10 |       |       |       |     2 |     1 |     2 ||    15
         Phantom mirror    |       |       |       |       |       |     1 |       |       |       ||     1
    Use: Potion            |       |       |     1 |     1 |     1 |     3 |     1 |     5 |    13 ||    25
         Scroll            |       |       |     6 |    11 |    16 |     9 |    10 |     9 |     8 ||    69
   Stab: Petrified         |       |       |       |       |     4 |       |       |       |       ||     4
         Sleeping          |       |       |       |       |     1 |       |       |     3 |    18 ||    22
         Petrifying        |       |       |       |       |     1 |       |       |       |       ||     1
         Fleeing           |       |       |       |       |       |     1 |       |       |       ||     1
         Distracted        |       |       |       |       |       |       |       |     1 |    18 ||    19
 Armour: Animal skin       |    41 |    64 |   123 |       |       |       |       |       |       ||   228
         Skin              |       |       |   116 |   401 |   931 |   936 |  1023 |   772 |   960 ||  5139
  Dodge: Dodged            |    30 |    41 |   107 |   180 |   346 |   292 |   288 |   294 |   433 ||  2011
   Form: Serpent           |       |       |     1 |       |       |       |       |       |       ||     1
         Dragon            |       |       |       |       |       |     2 |       |     2 |     1 ||     5
                           |       |       |       |       |       |     1 |       |       |       ||     1
         Storm             |       |       |       |       |       |       |       |       |     1 ||     1

Table legend: (Time is in decaauts)
 A = Elapsed time spent in this place.
 B = Non-inter-level travel time spent in this place.
 C = Inter-level travel time spent in this place.
 D = Time resting spent in this place.
 E = Time spent auto-exploring this place.
 F = Levels seen in this place.
 G = Mean time per level.
                   A        B        C        D        E       F      G
               +--------+--------+--------+--------+--------+-----+--------+
         Total |  74654 |  66603 |   8051 |   8671 |  42429 |  83 |  899.4 |
       Dungeon |  16318 |  12450 |   3868 |   1110 |   8835 |  15 | 1087.9 |
        Temple |     47 |      2 |     45 |      0 |      0 |   1 |   47.0 |
          Lair |   6151 |   5386 |    765 |    459 |   3723 |   5 | 1230.2 |
         Swamp |   2618 |   2492 |    126 |    195 |   1568 |   4 |  654.5 |
     Snake Pit |   5711 |   5456 |    255 |    453 |   4130 |   4 | 1427.8 |
    Slime Pits |   5719 |   5550 |    169 |    504 |   3488 |   5 | 1143.8 |
  Orcish Mines |   2297 |   1949 |    348 |    442 |    968 |   2 | 1148.5 |
   Elven Halls |   3989 |   3472 |    517 |    291 |   2007 |   3 | 1329.7 |
        Vaults |   7252 |   6502 |    750 |   1021 |   4273 |   5 | 1450.4 |
        Depths |   6569 |   6114 |    455 |   1220 |   3743 |   4 | 1642.2 |
           Zot |   6815 |   6065 |    750 |   1544 |   3629 |   5 | 1363.0 |
         Abyss |    602 |    602 |      0 |    130 |    114 |   5 |  120.4 |
   Pandemonium |   7970 |   7970 |      0 |    989 |   4729 |  20 |  398.5 |
        Bazaar |    268 |    268 |      0 |      0 |    216 |   1 |  268.0 |
         Trove |     97 |     97 |      0 |      0 |      0 |   1 |   97.0 |
      Ice Cave |    796 |    796 |      0 |    269 |    247 |   1 |  796.0 |
    Desolation |    732 |    732 |      0 |     23 |    419 |   1 |  732.0 |
      Gauntlet |    695 |    695 |      0 |     18 |    340 |   1 |  695.0 |
               +--------+--------+--------+--------+--------+-----+--------+

Top non-repeatable levels by time:
Depths:1: 2195 daAuts
 Snake:2: 2106 daAuts
   Zot:5: 2057 daAuts
Depths:2: 1729 daAuts
  Lair:5: 1684 daAuts
    D:15: 1679 daAuts
    D:12: 1666 daAuts
Depths:3: 1600 daAuts
    D:10: 1538 daAuts
Vaults:5: 1513 daAuts
Vaults:3: 1511 daAuts
   Zot:4: 1491 daAuts
Vaults:1: 1488 daAuts
Vaults:4: 1425 daAuts
   Elf:3: 1405 daAuts
